 Dungeon Crawl Stone Soup version 0.27-a0-1442-g87b6fcb595 (webtiles) character file.

Game seed: 7663125518213849018

36438 barkas the Martial Artist (level 13, -7/117 HPs)
             Began as a Naga Transmuter on July 4, 2021.
             Was the Champion of Cheibriados.
             Engulfed by a cloud of freezing vapour (58 damage)
             ... in an ice cave.
             The game lasted 00:31:30 (21566 turns).

barkas the Martial Artist (Naga Transmuter)        Turns: 21566, Time: 00:31:31

Health: -7/117     AC:  8    Str: 28    XL:     13   Next: 90%
Magic:  18/18      EV: 18    Int: 30    God:    Cheibriados [******]
Gold:   651        SH:  0    Dex: 30    Spells: 4/16 levels left

rFire    . . .     SeeInvis +     - Unarmed
rCold    . . .     Faith    .   (no shield)
rNeg     . . .     Spirit   .   D - +0 troll leather armour
rPois    +         Reflect  .   J - +1 hat {Will+}
rElec    .         Harm     .   (no cloak)
rCorr    .         Rampage  .   k - +0 pair of gloves
Will     ++...                  (no barding)
Stlth    +++++.....             F - amulet of magic regeneration
HPRegen  1.29/turn              (no ring)
MPRegen  0.41/turn              (no ring)

@: very slow
A: AC +4, large, see invisible, deformed body, poison resistance, slowness 2,
spit poison 1, naga tail 2
a: Spit Poison, Renounce Religion, Bend Time, Temporal Distortion, Slouch, Step
From Time


You were in an ice cave.
You worshipped Cheibriados.
Cheibriados was exalted by your worship.
You visited 2 branches of the dungeon, and saw 16 of its levels.
You also visited: Ossuary and Ice Cave.

You collected 1047 gold pieces.
You spent 396 gold pieces at shops.

Inventory:

Hand Weapons
 c - a +2 short sword of venom
 G - a +3 scimitar of flaming
Missiles
 A - a throwing net
 I - a curare-tipped dart
Armour
 k - a +0 pair of gloves (worn)
 z - +0 acid dragon scales
 D - a +0 troll leather armour (worn)
 J - a +1 hat of willpower (worn)
Magical Staves
 p - a staff of cold
 y - a staff of air
Jewellery
 n - a ring of poison resistance
 o - an amulet of faith
 F - an amulet of magic regeneration (around neck)
 H - a ring of ice
 K - the ring of Xom's Flight of Fancy {Fire rCorr Str+8 Int-3}
   (You found it in an ice cave)

   [ring of fire]

   It enhances your fire magic.
   Str:       It affects your strength (+8).
   Int:       It affects your intelligence (-3).
   rF:        It protects you from fire.
   rC:        It makes you vulnerable to cold.
   rCorr:     It protects you from acid and corrosion.
 L - a ring of protection from cold
 M - a ring of protection from cold
Wands
 i - a wand of paralysis (20)
 l - a wand of digging (11)
 u - a wand of flame (5)
Scrolls
 g - 8 scrolls of teleportation
 h - 4 scrolls of vulnerability
 j - 4 scrolls of fog
 m - a scroll of holy word {unknown}
 r - 6 scrolls of enchant armour
 s - 2 scrolls of blinking
 C - a scroll of summoning
Potions
 b - 3 potions of flight
 d - 2 potions of invisibility
 e - 9 potions of curing
 f - a potion of mutation
 q - 2 potions of resistance
 t - 2 potions of berserk rage {unknown}
 v - 3 potions of lignification
 w - a potion of magic {unknown}
 x - 2 potions of attraction
 B - a potion of cancellation
 E - a potion of ambrosia
Miscellaneous
 a - a phial of floods (inert)


   Skills:
 - Level 8.1 Fighting
 + Level 8.7 Dodging
 - Level 9.8 Stealth
 + Level 12.3 Unarmed Combat
 - Level 2.0 Spellcasting
 * Level 9.4 Transmutations
 - Level 3.0 Ice Magic
 * Level 7.8 Earth Magic
 - Level 5.0 Poison Magic
 - Level 6.7 Invocations


You had 4 spell levels left.
You knew the following spells:

 Your Spells              Type           Power      Damage    Failure   Level
a - Beastly Appendage     Tmut           100%       N/A       1%          1
b - Spider Form           Tmut/Pois      23%        N/A       1%          3
c - Ice Form              Ice/Tmut       40%        N/A       7%          4
d - Olgreb's Toxic Radia  Pois           33%        N/A       11%         4

Your spell library contained the following spells:

 Spells                   Type           Power      Damage    Failure   Level
 Sandblast                Erth           100%       2d20      1%          1
 Sting                    Tmut/Pois      100%       1d8       1%          1
 Wereblood                Tmut           56%        N/A       1%          2
 Poisonous Vapours        Pois/Air       36%        N/A       4%          2
 Stone Arrow              Conj/Erth      52%        3d10      5%          3
 Ozocubu's Armour         Ice            21%        N/A       8%          3
 Magic Dart               Conj           12%        1d3       9%          1
 Searing Ray              Conj           6%         3d3       13%         2
 Static Discharge         Conj/Air       3%         N/A       13%         2
 Leda's Liquefaction      Hex/Erth       13%        N/A       17%         4
 Gell's Gravitas          Tloc           1%         N/A       26%         3
 Teleport Other           Tloc           3%         N/A       26%         3
 Hailstorm                Conj/Ice       12%        3d5       43%         4
 Animate Dead             Necr           1%         N/A       65%         4
 Cause Fear               Hex            1%         N/A       65%         4
 Dispel Undead            Necr           3%         3d7       65%         4
 Fulminant Prism          Conj/Hex       1%         3d6       65%         4
 Sticky Flame             Conj/Fire      3%         2d3       65%         4
 Statue Form              Tmut/Erth      35%        N/A       36%         6
 Bolt of Magma            Conj/Fire/Erth 9%         4d7       63%         5
 Dragon Form              Tmut           28%        N/A       83%         7
 Freezing Cloud           Conj/Ice/Air   4%         6-21      85%         5
 Dispersal                Tloc           1%         N/A       100%        6
 Simulacrum               Ice/Necr       6%         N/A       100%        6
 Ozocubu's Refrigeration  Ice            10%        4d7       100%        7
 Dragon's Call            Summ           1%         N/A       100%        9
 Polar Vortex             Ice            10%        N/A       100%        9


Dungeon Overview and Level Annotations

Branches:
Dungeon (12/15)            Temple (0/1) D:5            Lair (4/6) D:10
  Swamp (0/4) Lair:4       Spider (0/4) Lair:2          Orc (0/2) D:9
Ossuary (visited)           IceCv (1/1)

Altars:
Ashenzari
Cheibriados
Elyvilon
Makhleb
Nemelex Xobeh
Qazlal
Ru
Sif Muna
Uskayaw
Wu Jian
Xom

Shops:
D:1 *:

Annotations:
D:5 1 runed translucent door, Sin92's ghost, amateur DsFi
D:9 exclusions: orange crystal statue and two-headed ogre
D:10 3 exclusions
Lair:1 exclusion: oklob plant


Innate Abilities, Weirdness & Mutations

Your serpentine skin is tough. (AC +4)
You have supernaturally acute eyesight. (SInv)
Armour fits poorly on your strangely shaped body.
Your system is resistant to poisons. (rPois)
You cover ground very slowly.
You can spit poison.
You can use your snake-like lower body to constrict enemies.


Message History

You feel strong-willed.
You are engulfed in freezing vapours.
You're standing in a cloud of freezing vapour!
You're standing in a cloud of freezing vapour!
You see here a +2 battleaxe of freezing.
You enter the shallow water.
Moving in this stuff is going to be slow.
Casting: Ice Form (dangerous; 7% risk of failure)
Confirm with . or Enter, or press ? or * to list all spells.
Okay, then.
Unknown command.
Casting: Ice Form (dangerous; 7% risk of failure)
Confirm with . or Enter, or press ? or * to list all spells.
You turn into a creature of crystalline ice.
Your +1 hat of willpower melds into your body.
Your +0 pair of gloves melds into your body.
Your +0 troll leather armour melds into your body.
You feel less strong-willed.
Careful!
Your transformation is almost over.
Casting: Ice Form (mildly dangerous; 6% risk of failure)
Confirm with . or Enter, or press ? or * to list all spells.
You extend your transformation's duration.
Unknown command.
Your transformation is almost over.
You warm up again.
Your +1 hat of willpower unmelds from your body.
Your +0 pair of gloves unmelds from your body.
Your +0 troll leather armour unmelds from your body.
You feel strong-willed.
You see here a +2 battleaxe of freezing.
Unknown command.
Unknown command.
Unknown command.
Search for what [Enter for "rcorr", or ? for help]? .
Unknown command.
Unknown command.
You are engulfed in freezing vapours.
Ouch! That really hurt!
You are engulfed in freezing vapours.
You die...

###...##...##...#..#.###.##
###....##########..#..#######
#.....## #..#####.≈≈#≈≈
#....## ≈##..##..≈#≈≈≈≈
###...## ≈≈###...##≈≈≈#≈
##...#### ≈≈≈#####≈≈≈###
####...§#######≈≈≈#≈≈#≈≈≈≈≈
##.#.##§☼§#§§○§##≈≈≈≈≈≈≈≈≈≈#
##.#.#####§§@§####≈≈≈≈≈≈≈≈###
#.#.#)# #######≈≈≈≈#≈#≈≈## #
##.#.## #≈≈≈#≈≈≈≈≈## ## ##.##
#≈≈≈≈##≈≈≈# #. ###
#≈≈≈≈≈≈≈#####. #####≈≈## ##..
###≈≈# #... ##≈≈≈## #.##
##≈≈≈≈# ####


There were no monsters in sight!

Vanquished Creatures
  Gastronok (D:11)
  A frost giant (IceCv)
  2 hydras
  A catoblepas (Lair:2)
  Erica (D:10)
  2 two-headed ogres
  2 death yaks (IceCv)
  Pikel (D:8)
  A deep elf pyromancer (D:12)
  2 cyclopes (D:12)
  3 ugly things (D:12)
  2 black mambas
  Maggie (D:8)
  2 cane toads
  A gargoyle (D:9)
  An unseen horror (D:10)
  Psyche (D:8)
  5 komodo dragons
  2 kobold demonologists
  2 trolls
  2 hornets
  16 polar bears
  Prince Ribbit (D:5)
  9 blink frogs
  55 yaks
  A shadow (D:8)
  A wyvern (Lair:2)
  2 basilisks (Lair:2)
  3 vampire mosquitoes (D:11)
  A swamp worm (Lair:4)
  2 acid dragons
  5 water moccasins
  A sky beast (D:8)
  3 orc warriors
  3 ogres
  3 black bears
  A necrophage (D:3)
  6 centaurs
  16 wolves
  A lemure (D:8)
  12 bullfrogs
  A gnoll sergeant (D:7)
  A kobold brigand (D:11)
  5 scorpions
  8 killer bees
  4 howler monkeys
  2 electric eels (Lair:1)
  3 jellies
  2 bullfrog zombies
  2 centaur zombies
  A gnoll shaman (D:8)
  4 orc priests
  6 hounds
  2 human zombies (Ossuary)
  6 orc wizards
  4 iguanas
  4 scorpion zombies (Ossuary)
  2 killer bee zombies
  2 hound skeletons (D:4)
  3 mummies (Ossuary)
  2 howler monkey zombies
  7 gnolls
  3 adders
  A shadow imp (D:7)
  13 white imps
  An ufetubus (D:6)
  8 worms
  2 dart slugs
  18 orcs
  6 bats
  5 endoplasms
  A giant cockroach (D:2)
  3 gnoll zombies (Ossuary)
  6 goblins
  13 hobgoblins
  8 jackals
  A quokka (D:4)
  8 ball pythons
  2 frilled lizards (D:2)
  A goblin zombie (Ossuary)
  3 hobgoblin zombies (Ossuary)
  7 kobolds
  4 orc zombies (Ossuary)
  7 rats
370 creatures vanquished.

Vanquished Creatures (others)
  A scorpion (Ossuary)
  13 fungi
  21 plants
35 creatures vanquished.

Grand Total: 405 creatures vanquished

Notes
Turn   | Place    | Note
-------+----------+-------------------------------------------
     0 | D:1      | barkas the Naga Transmuter began the quest for the Orb.
     0 | D:1      | Reached XP level 1. HP: 18/18 MP: 3/3
   172 | D:1      | Reached XP level 2. HP: 14/25 MP: 3/5
   680 | D:1      | Found Vuim's General Store.
   829 | D:1      | Found Nuek's Book Shop.
  1317 | D:2      | Reached XP level 3. HP: 30/31 MP: 4/6
  2151 | D:3      | Noticed a necrophage
  2173 | D:3      | Killed a necrophage
  2174 | D:3      | Reached skill level 4 in Unarmed Combat
  2174 | D:3      | Reached XP level 4. HP: 7/39 MP: 5/7
  2174 | D:3      | Reached XP level 5. HP: 8/45 MP: 5/8
  2466 | D:3      | Found a snail-covered altar of Cheibriados.
  2477 | D:3      | Became a worshipper of Cheibriados the Contemplative
  2616 | D:3      | Found a hide-covered altar of Uskayaw.
  2616 | D:3      | Noticed a +0 hand axe
  2616 | D:3      | Noticed a +0 dagger
  2765 | D:3      | Found a sparkling altar of Nemelex Xobeh.
  2830 | D:3      | Learned a level 3 spell: Spider Form
  2954 | D:4      | Noticed a black bear
  2962 | D:4      | Killed a black bear
  2963 | D:4      | Reached skill level 1 in Poison Magic
  2963 | D:4      | Reached XP level 6. HP: 28/55 MP: 7/9
  3128 | D:4      | Reached skill level 5 in Unarmed Combat
  3130 | D:4      | Found a sand-covered staircase.
  3147 | Ossuary  | Entered an ossuary
  3522 | Ossuary  | Reached XP level 7. HP: 57/62 MP: 10/10
  3575 | Ossuary  | Reached * piety under Cheibriados
  4665 | Ossuary  | Reached skill level 6 in Unarmed Combat
  5071 | D:4      | Found a large runed translucent door.
  5072 | D:4      | Found a large runed translucent door.
  5401 | D:4      | Found a sacrificial altar of Ru.
  5434 | D:4      | Reached XP level 8. HP: 54/72 MP: 4/11
  5636 | D:4      | Reached ** piety under Cheibriados
  5995 | D:4      | Found a broken altar of Ashenzari.
  6009 | D:4      | Found a white marble altar of Elyvilon.
  6045 | D:5      | Entered Level 5 of the Dungeon
  6115 | D:5      | Found an ornate altar of the Wu Jian Council.
  6531 | D:5      | Found a staircase to the Ecumenical Temple.
  6579 | D:5      | Reached skill level 7 in Unarmed Combat
  6812 | D:5      | Noticed Prince Ribbit
  6818 | D:5      | Killed Prince Ribbit
  6819 | D:5      | Reached skill level 5 in Transmutations
  7038 | D:5      | Found a runed translucent door.
  7039 | D:5      | Noticed an unseen horror
  7039 | D:5      | Noticed Sin92's ghost (amateur DsFi)
  7057 | D:5      | Reached XP level 9. HP: 74/80 MP: 8/12
  7662 | D:6      | Reached skill level 5 in Fighting
  7768 | D:6      | Reached *** piety under Cheibriados
  7800 | D:6      | Reached skill level 8 in Unarmed Combat
  7955 | D:6      | Reached skill level 1 in Stealth
  8095 | D:6      | Reached skill level 1 in Invocations
  8806 | D:7      | Noticed a hornet
  8821 | D:7      | Killed a hornet
  8932 | D:7      | Found a stormy altar of Qazlal.
  9041 | D:7      | Learned a level 4 spell: Ice Form
  9344 | D:7      | Reached **** piety under Cheibriados
  9517 | D:8      | Found a shimmering altar of Xom.
  9560 | D:8      | Noticed Maggie
  9576 | D:8      | Killed Maggie
  9577 | D:8      | Reached skill level 1 in Ice Magic
  9712 | D:8      | Reached XP level 10. HP: 68/91 MP: 10/13
  9715 | D:8      | Noticed Pikel
  9727 | D:8      | Killed Pikel
  9728 | D:8      | Reached skill level 5 in Dodging
  9728 | D:8      | Reached skill level 9 in Unarmed Combat
 10774 | D:8      | Reached skill level 5 in Stealth
 10858 | D:8      | Noticed Psyche
 10868 | D:8      | Killed Psyche
 11717 | D:9      | Noticed a two-headed ogre
 11776 | D:9      | Noticed an orange crystal statue
 11853 | D:9      | Noticed a gargoyle
 11866 | D:9      | Killed a gargoyle
 11954 | D:9      | Found a staircase to the Orcish Mines.
 12165 | D:9      | Found a shimmering blue altar of Sif Muna.
 12167 | D:9      | Found a burning altar of Makhleb.
 12448 | D:8      | Noticed a rust devil
 12448 | D:8      | Noticed a rust devil
 12749 | D:1      | Bought a book of Stone for 396 gold pieces
 12943 | D:10     | Entered Level 10 of the Dungeon
 12944 | D:10     | Noticed Erica
 12967 | D:10     | Killed Erica
 13140 | D:10     | Reached skill level 1 in Earth Magic
 13311 | D:10     | Found a staircase to the Lair.
 13342 | D:10     | Noticed a two-headed ogre
 13365 | D:10     | Reached XP level 11. HP: 87/99 MP: 14/14
 13373 | D:10     | Reached skill level 10 in Unarmed Combat
 14056 | D:10     | Learned a level 4 spell: Olgreb's Toxic Radiance
 14375 | D:10     | Found a faded altar of an unknown god.
 14391 | D:10     | Killed a two-headed ogre
 14597 | D:11     | Reached skill level 5 in Invocations
 14842 | D:11     | Noticed an eight-headed hydra
 14848 | D:11     | Killed an eight-headed hydra
 15165 | D:11     | Reached ***** piety under Cheibriados
 15505 | D:11     | Noticed Gastronok
 15528 | D:11     | Killed Gastronok
 15789 | D:12     | Noticed a cyclops
 15805 | D:12     | Killed a cyclops
 15965 | D:12     | Noticed a cyan ugly thing
 15976 | D:12     | Killed a cyan ugly thing
 15977 | D:12     | Reached XP level 12. HP: 109/109 MP: 16/16
 15991 | D:12     | Reached skill level 5 in Poison Magic
 16174 | D:12     | Noticed a two-headed ogre
 16185 | D:12     | Killed a two-headed ogre
 16186 | D:12     | Reached skill level 11 in Unarmed Combat
 16348 | D:12     | Got the Guide on Earthen Evil
 16659 | Lair:1   | Entered Level 1 of the Lair of Beasts
 17009 | Lair:1   | Found a sacrificial altar of Ru.
 18020 | Lair:2   | Noticed a catoblepas
 18045 | Lair:2   | Killed a catoblepas
 18338 | Lair:2   | Found a hole to the Spider Nest.
 18519 | Lair:2   | Noticed a seven-headed hydra
 18537 | Lair:2   | Killed a seven-headed hydra
 18934 | Lair:2   | Reached ****** piety under Cheibriados
 18935 | Lair:2   | Gained mutation: You can use your snake-like lower body to
                  | constrict enemies. [Naga growth]
 18935 | Lair:2   | Reached XP level 13. HP: 106/117 MP: 16/18
 19205 | Lair:3   | Reached skill level 5 in Earth Magic
 20104 | Lair:4   | Found a staircase to the Swamp.
 20171 | Lair:4   | Found a frozen archway.
 20204 | IceCv    | Entered an ice cave
 20227 | IceCv    | Reached skill level 12 in Unarmed Combat
 20841 | IceCv    | Noticed a frost giant
 20867 | IceCv    | Killed a frost giant
 21041 | IceCv    | Identified the ring of Xom's Flight of Fancy {Fire rCorr
                  | Str+8 Int-3}
 21566 | IceCv    | Engulfed by a cloud of freezing vapour

Illustrated notes

Levels and vault maps discovered:
D:1:      minmay_arrival_shattered_statue, layout_basic, serial_shops,
          shop_coins, shop, minmay_misc_feat_ornament
D:2:      layout_rooms
D:3:      layout_basic, nemelex_dance_club_becter, kennysheep_slug_shrine,
          dancing_weapons_uskayaw, minmay_between
D:4:      layout_basic, old_standard_altar, jmf_multi_god_temple2,
          enter_ossuary_1
D:5:      layout_basic, lemuel_doored_altar, minmay_temple_entry_overgrown,
          ebering_ghost_inner_flame, serial_bayou_pond_a, solitary_fountain,
          chequers_serial_rivers_micro_a, uniq_prince_ribbit1
D:6:      layout_cave_pods, hangedman_abyss_or_decor_stagger,
          palyth_stone_intersect, hex_tiny, kennysheep_generic_room_3
D:7:      layout_rooms, grunt_qazlal_sundering
D:8:      cheibrodos_iron_armory, layout_basic, amcnicky_altar_gilded,
          uniq_pikel, uniq_psyche, uniq_maggie
D:9:      layout_loops_corners, nicolae_overflow_hidden_temple, orc_0_dummy,
          minivault_15, minmay_misc_feat_five
D:10:     layout_irregular_city, beargit_hepliaklqana_dungeon_heroes,
          lair_entry_dummy, nrook_loot_triangle, uniq_erica
D:11:     layout_gridville, uniq_gastronok
D:12:     layout_loops_corners, serial_glass, glass_columns_c, glass_columns_b,
          chequers_serial_rivers_large_b
Lair:1:   layout_misc_corridors, lemuel_oklob_altar, infiniplex_staircase_pool,
          grunt_megastairs_5, serial_bayou_shore_b, serial_bayou_shore_b,
          serial_bayou_shore_b
Lair:2:   layout_long_grid, nicolae_spider_entry_non_spiders
Lair:3:   layout_roguey
Lair:4:   layout_layer_cave, minmay_swamp_entry_worms,
          portal_ice_cave_entry_imps, infiniplex_staircase_pool_2
IceCv:    ice_cave_caverns_03

Skill      XL: |  1  2  3  4  5  6  7  8  9 10 11 12 13 |
---------------+----------------------------------------+-----
Dodging        | 2 3 4 5 6 7 8 |  8.7
Fighting       | 2 3 4 5 6 7 8 |  8.1
Unarmed Combat | 4 5 6 7 8 9 10 11 12 | 12.3
Transmutations | 3 4 5 6 7 9 |  9.4
Poison Magic   | 1 2 3 4 5 |  5.0
Stealth        | 3 6 8 9 |  9.8
Invocations    | 2 4 5 6 |  6.7
Ice Magic      | 1 3 |  3.0
Earth Magic    | 1 3 4 7 |  7.8
Spellcasting   | |  2.0

Action                   |  1- 3 |  4- 6 |  7- 9 | 10-12 | 13-15 || total
-------------------------+-------+-------+-------+-------+-------++-------
Melee: Short sword       |    49 |       |       |       |       ||    49
       Unarmed           |    16 |    72 |   313 |   433 |   299 ||  1133
       Headbutt          |     5 |     9 |    28 |     2 |       ||    44
       Punch             |       |     4 |    10 |     3 |     7 ||    24
       Constrict         |       |       |       |       |    14 ||    14
 Cast: Beastly Appendage |    18 |    14 |    22 |     1 |       ||    55
       Spider Form       |       |     1 |    30 |    43 |    12 ||    86
       Ice Form          |       |       |       |     7 |     7 ||    14
       Olgreb's Toxic Ra |       |       |       |     2 |     5 ||     7
 Abil: Spit Poison       |    24 |    14 |    33 |    34 |     8 ||   113
       End Transformatio |       |       |     1 |     3 |     3 ||     7
Evoke: Wand              |       |     1 |     2 |    16 |     1 ||    20
       Phial of floods   |       |       |       |     1 |     1 ||     2
  Use: Potion            |     2 |       |     5 |     8 |     1 ||    16
       Scroll            |       |     7 |     1 |    16 |     3 ||    27
 Stab: Paralysed         |       |     2 |     3 |    10 |       ||    15
       Sleeping          |       |       |     1 |     3 |     1 ||     5
       Distracted        |       |       |     1 |       |       ||     1
       Invisible         |       |       |       |     2 |     8 ||    10
Armor: Robe              |    19 |    13 |    62 |    11 |       ||   105
       Skin              |       |       |     9 |    31 |    16 ||    56
       Troll leather arm |       |       |       |    14 |    14 ||    28
Dodge: Dodged            |    36 |    38 |   315 |   462 |   431 ||  1282

Table legend: (Time is in decaauts)
 A = Elapsed time spent in this place.
 B = Non-inter-level travel time spent in this place.
 C = Inter-level travel time spent in this place.
 D = Time resting spent in this place.
 E = Time spent auto-exploring this place.
 F = Levels seen in this place.
 G = Mean time per level.
                   A        B        C        D        E       F      G
               +--------+--------+--------+--------+--------+-----+--------+
         Total |  35298 |  32726 |   2572 |   4376 |  23307 |  18 | 1961.0 |
       Dungeon |  23556 |  21435 |   2121 |   2383 |  16424 |  12 | 1963.0 |
          Lair |   7290 |   6840 |    450 |    435 |   5445 |   4 | 1822.5 |
       Ossuary |   1945 |   1945 |      0 |   1150 |    318 |   1 | 1945.0 |
      Ice Cave |   2506 |   2506 |      0 |    408 |   1119 |   1 | 2506.0 |
               +--------+--------+--------+--------+--------+-----+--------+

Top non-repeatable levels by time:
     D:8: 3270 daAuts
    D:10: 2617 daAuts
  Lair:2: 2555 daAuts
   IceCv: 2506 daAuts
  Lair:1: 2440 daAuts
     D:9: 2406 daAuts
     D:6: 2252 daAuts
     D:5: 2223 daAuts
     D:4: 2165 daAuts
    D:11: 2123 daAuts
  Lair:3: 2094 daAuts
 Ossuary: 1945 daAuts
     D:1: 1801 daAuts
     D:7: 1296 daAuts
    D:12: 1183 daAuts
